 Dungeon Crawl Stone Soup version 0.29-a0-221-gceb61267dd (webtiles) character file.

Game seed: 6158822315344968477

640 benadryl the Markself (level 7, -3/72 HPs)
             Began as a Deep Elf Hunter on Feb 26, 2022.
             Was a Priest of Wu Jian.
             Slain by Menkaure (14 damage)
             ... on level 4 of the Dungeon.
             The game lasted 00:09:49 (4336 turns).

benadryl the Markself (Deep Elf Hunter)             Turns: 4336, Time: 00:09:50

Health: -3/72      AC: 30    Str:  9    XL:     7   Next: 26%
Magic:  9/9        EV:  2    Int: 16    God:    Wu Jian [***...]
Gold:   222        SH:  0    Dex: 17    Spells: 6/6 levels left

rFire   + . .      SeeInvis .   b - +1 short sword (protect)
rCold   + . .      Faith    .   (no shield)
rNeg    + . .      Spirit   .   (body armour currently unavailable)
rPois   +          Reflect  .   (helmet currently unavailable)
rElec   +          Harm     .   (cloak currently unavailable)
rCorr   +          Rampage  .   (gloves currently unavailable)
Will    .....      NoTele   +   (boots currently unavailable)
Stlth   +.........              n - amulet of the acrobat
HPRegen 0.22/turn               o - ring of positive energy
MPRegen 0.11/turn               (no ring)

@: tree-form, silenced (expiring), resistant, under a protective aura
A: stationary, stasis, torment immunity, boosted hp
a: Renounce Religion, Wall Jump


You were on level 4 of the Dungeon.
You worshipped Wu Jian.
Wu Jian was most pleased with you.
You were a tree.
You visited 1 branch of the dungeon, and saw 5 of its levels.

You collected 222 gold pieces.

Inventory:

Hand Weapons
 a - a +1 shortbow
 b - a +1 short sword of protection (weapon)
Armour
 e - a +1 chain mail (melded)
 g - a +0 leather armour
 p - a +0 pair of boots (melded)
 q - a +0 pair of gloves (melded)
Jewellery
 n - an amulet of the acrobat (around neck)
 o - a ring of positive energy (left branch)
Scrolls
 l - a scroll of magic mapping
 m - a scroll of enchant armour
Potions
 f - 2 potions of attraction
 i - 2 potions of curing {@q1}


   Skills:
 + Level 7.0 Fighting
 * Level 15.4 Bows
 - Level 2.4 Dodging
 - Level 1.2 Stealth


You had 6 spell levels left.
You didn't know any spells.
Your spell library was empty.

Dungeon Overview and Level Annotations

Branches:
Dungeon (5/15)
 Temple: D:4-7

Altars:
Dithmenos
Elyvilon
Makhleb
Wu Jian

Annotations:
D:3 1 runed translucent door, sammy202020's ghost, amateur DsBe
D:4 Menkaure


Message History

Really attack while wielding your +1 shortbow?
Okay, then.
Your +1 short sword of protection hums with potential!
b - a +1 short sword of protection (weapon)
Menkaure hits you but does no damage.
You completely miss Menkaure. Menkaure hits you but does no damage.
You hit Menkaure.
Your weapon exudes an aura of protection.
Menkaure is lightly damaged.
Menkaure hits you but does no damage.
You hit Menkaure.
Menkaure is moderately damaged.
Menkaure hits you but does no damage.
You hit Menkaure.
Menkaure is moderately damaged.
Menkaure barely misses you. Menkaure hits you.
* * * LOW HITPOINT WARNING * * *
You completely miss Menkaure.
Menkaure is moderately damaged.
Menkaure barely misses you.
You hit Menkaure. You punch Menkaure, but do no damage.
Menkaure is heavily damaged.
Menkaure hits you.
* * * LOW HITPOINT WARNING * * *
You hit Menkaure.
Menkaure is severely damaged.
Menkaure hits you but does no damage. Menkaure hits you.
* * * LOW HITPOINT WARNING * * *
You hit Menkaure.
Menkaure is almost destroyed.
Menkaure hits you.
* * * LOW HITPOINT WARNING * * *
You barely miss Menkaure.
Menkaure is almost destroyed.
Menkaure hits you.
* * * LOW HITPOINT WARNING * * *
You hit Menkaure but do no damage.
Menkaure is almost destroyed.
Menkaure hits you!
You die...

##.## #...♣._.♣...##.#####.# #...
#...# #........r.###.#####.# #.#.
#...# #.#≈..♣..≈## #.......# #.#.
#...###.#≈≈...≈≈# ######### #.#.
#.......###...### ####### #.##
#...##.....#..#.## #.....# #...
.................###.....########
........[..##.......>....#......#
........<..##.#(♣###.....#.####.#
#####.###..##..#M# #.....#.####.#
# #).....####..# #######.#).... #
#.####.####..###### #.#.##.# #
#.# #............# #......#
#####.#########..####.# ###.####
...........# #..####.######.#
##.....###.# #.>##..........#
#<....###.# #..##.#.########


You could see Menkaure (fast).

Vanquished Creatures
  A necrophage (D:4)
  A scorpion (D:3)
  An orc priest (D:4)
  A hound (D:4)
  An orc wizard (D:4)
  2 adders
  A worm (D:3)
  4 dart slugs
  5 orcs
  4 ball pythons
  7 endoplasms
  8 giant cockroaches
  7 goblins
  5 hobgoblins
  4 jackals (D:1)
  2 kobolds
  3 quokkas (D:1)
  3 bats
  7 frilled lizards
  7 rats
74 creatures vanquished.

Vanquished Creatures (others)
  A ball python (D:4)
1 creature vanquished.

Grand Total: 75 creatures vanquished

Notes
Turn   | Place    | Note
-------+----------+-------------------------------------------
     0 | D:1      | benadryl the Deep Elf Hunter began the quest for the Orb.
     0 | D:1      | Reached XP level 1. HP: 12/12 MP: 3/3
    80 | D:1      | Found a faded altar of an unknown god.
    93 | D:1      | Prayed at the altar of an unknown god.
    93 | D:1      | Became a worshipper of the Wu Jian Council
    93 | D:1      | Reached * piety under Wu Jian
   120 | D:1      | Reached XP level 2. HP: 17/17 MP: 4/4
   204 | D:1      | Reached skill level 6 in Bows
   608 | D:1      | Reached ** piety under Wu Jian
   609 | D:1      | Reached XP level 3. HP: 20/21 MP: 5/5
  2071 | D:3      | Reached XP level 4. HP: 16/27 MP: 6/6
  2345 | D:3      | Found a shadowy altar of Dithmenos.
  2383 | D:3      | Found a burning altar of Makhleb.
  2703 | D:3      | Reached skill level 7 in Bows
  2805 | D:3      | Found a runed translucent door.
  2808 | D:3      | Noticed sammy202020's ghost (amateur DsBe)
  2866 | D:4      | Found a white marble altar of Elyvilon.
  3132 | D:4      | Reached XP level 5. HP: 31/31 MP: 7/7
  3655 | D:4      | Noticed a necrophage
  3674 | D:4      | Killed a necrophage
  3674 | D:4      | Reached *** piety under Wu Jian
  3675 | D:4      | Reached skill level 8 in Bows
  3675 | D:4      | Reached XP level 6. HP: 34/37 MP: 8/8
  4187 | D:5      | Entered Level 5 of the Dungeon
  4187 | D:5      | Noticed Menkaure
  4325 | D:4      | Reached skill level 15 in Bows
  4325 | D:4      | Reached XP level 7. HP: 22/48 MP: 9/9
  4336 | D:4      | Slain by Menkaure

Illustrated notes

Levels and vault maps discovered:
D:1:      dpeg_arrival_renting, layout_basic, basic_ecumenical_altar,
          minmay_vboxes
D:2:      layout_basic
D:3:      layout_basic, mainiacjoe_overflow_catch_the_wave,
          ebering_ghost_inner_flame
D:4:      layout_loops_cross, elyvilon_altar_4, minivault_1
D:5:      layout_rooms, uniq_menkaure

Skill      XL: |  1  2  3  4  5  6 |
---------------+-------------------+-----
Bows           | 6 7 8 15 | 15.4
Fighting       | 2 3 7 |  7.0
Dodging        | |  2.4
Stealth        | |  1.2

Action                   |  1- 3 |  4- 6 |  7- 9 || total
-------------------------+-------+-------+-------++-------
Melee: Unarmed           |    12 |       |       ||    12
       Short sword       |       |    36 |    10 ||    46
       Punch             |       |       |     1 ||     1
 Fire: Shortbow          |   108 |    71 |       ||   179
Invok: Whirlwind         |    12 |    27 |       ||    39
       Serpent's Lash    |       |     1 |       ||     1
 Abil: Wall Jump         |     3 |     1 |       ||     4
  Use: Scroll            |     4 |     5 |       ||     9
       Potion            |       |     9 |       ||     9
Armor: Leather armour    |     8 |       |       ||     8
       Chain mail        |    40 |    73 |       ||   113
       Skin              |       |     1 |     6 ||     7
Dodge: Dodged            |    24 |    25 |     2 ||    51

Table legend: (Time is in decaauts)
 A = Elapsed time spent in this place.
 B = Non-inter-level travel time spent in this place.
 C = Inter-level travel time spent in this place.
 D = Time resting spent in this place.
 E = Time spent auto-exploring this place.
 F = Levels seen in this place.
 G = Mean time per level.
                   A        B        C        D        E       F      G
               +--------+--------+--------+--------+--------+-----+--------+
         Total |   4460 |   4203 |    257 |   1117 |   2375 |   5 |  892.0 |
       Dungeon |   4460 |   4203 |    257 |   1117 |   2375 |   5 |  892.0 |
               +--------+--------+--------+--------+--------+-----+--------+

Top non-repeatable levels by time:
     D:2: 1259 daAuts
     D:3: 1206 daAuts
     D:4: 1188 daAuts
     D:1: 795 daAuts
     D:5: 9 daAuts
